 Dungeon Crawl Stone Soup version 0.16.1-66-g04f09c5 (webtiles) character file.

3452 RepoMan the Thaumaturge (level 10, -2/66 HPs)
             Began as an Octopode Wanderer on Aug 11, 2015.
             Was a Follower of Dithmenos.
             Slain by a snapping turtle (14 damage)
             ... on level 8 of the Dungeon.
             The game lasted 01:20:10 (13036 turns).

RepoMan the Thaumaturge (Octopode Wanderer)        Turns: 13036, Time: 01:20:10

Health: -2/66      AC:  1    Str: 10    XL:     10   Next: 6%
Magic:  6/26       EV: 14    Int: 17    God:    Dithmenos [*.....]
Gold:   330        SH:  0    Dex: 14    Spells: 8 memorised, 9 levels left

rFire  . . .     SeeInvis .     e - +0 dagger
rCold  . . .     Clarity  .     (no shield)
rNeg   . . .     SustAb   .     (helmet restricted)
rPois  .         Gourm    .     p - amulet of resist corrosion
rElec  .         Spirit   .     g - +4 ring of slaying
rCorr  +         Warding  .     (no ring)
rMut   .         Stasis   .     (no ring)
MR     .....                    (no ring)
Stlth  +++++.....               (no ring)
                                (no ring)
                                (no ring)
                                (no ring)

@: wreathed by umbra, not resistant to hostile enchantments, quite stealthy
A: almost no armour, amphibious, 8 rings, constrict 8, camouflage 1, gelatinous
body 1
a: Renounce Religion


You were on level 8 of the Dungeon.
You worshipped Dithmenos.
Dithmenos was aware of your devotion.
You were hungry.

You visited 2 branches of the dungeon, and saw 9 of its levels.

You collected 330 gold pieces.

Inventory:

Hand weapons
 e - a +0 dagger (weapon)
 h - a +1 blowgun
Missiles
 v - 3 poisoned needles
 B - 3 needles of slowing
Armour
 c - a +1 buckler
Jewellery
 g - a +4 ring of slaying (left tentacle)
 p - an amulet of resist corrosion (around mantle)
Magical devices
 z - a wand of paralysis (22)
Scrolls
 j - 4 scrolls of identify
 k - 3 scrolls of remove curse
 s - 2 scrolls of recharging
Potions
 l - a potion of heal wounds
 m - a potion of mutation
 o - a potion of agility
 t - a potion of flight
 u - 3 potions of curing
Books
 a - a book of Minor Magic

   Spells                             Type                      Level
   a - Magic Dart                     Conjuration                  1
   b - Blink                          Translocation                2
   c - Call Imp                       Summoning                    2
   d - Repel Missiles                 Charms/Air                   2
   e - Slow                           Hexes                        2
   f - Conjure Flame                  Conjuration/Fire             3
   g - Mephitic Cloud                 Conjuration/Poison/Air       3
 b - the Reference Book on Self-Improvement and the Birds

   Spells                             Type                      Level
   a - Repel Missiles                 Charms/Air                   2
   b - Swiftness                      Charms/Air                   2
 d - a book of Dreams

   Spells                             Type                      Level
   a - Ensorcelled Hibernation        Hexes/Ice                    2
   b - Flight                         Charms/Air                   3
   c - Phase Shift                    Translocation                5
   d - Shadow Creatures               Summoning                    5
   e - Mass Confusion                 Hexes                        6
   f - Darkness                       Hexes                        7
 y - a book of Transfigurations

   Spells                             Type                      Level
   a - Stoneskin                      Transmutation/Earth          2
   b - Irradiate                      Conjuration/Transmutation    5
   c - Statue Form                    Transmutation/Earth          6
   d - Hydra Form                     Transmutation                6
   e - Dragon Form                    Transmutation                7
Comestibles
 A - a royal jelly
 C - a meat ration


   Skills:
 + Level 5.3 Fighting
 + Level 5.0 Dodging
 - Level 1.3 Stealth
 - Level 1.0 Shields
 + Level 8.2 Spellcasting
 + Level 7.4 Conjurations
 - Level 4.3 Translocations
   Level 2.0 Fire Magic
 - Level 1.0 Air Magic
 - Level 1.2 Poison Magic


You had 9 spell levels left.
You knew the following spells:

 Your Spells              Type           Power        Failure   Level  Hunger
a - Magic Dart            Conj           ####         1%          1    None
b - Blink                 Tloc           N/A          2%          2    None
c - Stoneskin             Trmt/Erth      #.......     17%         2    None
f - Mephitic Cloud        Conj/Pois/Air  ###.....     10%         3    #......
h - Swiftness             Chrm/Air       #.......     14%         2    None
i - Call Imp              Summ           #.......     17%         2    None
r - Repel Missiles        Chrm/Air       #.....       14%         2    None
s - Slow                  Hex            #.......     17%         2    None


Dungeon Overview and Level Annotations

Branches:
Dungeon (8/15)             Temple (1/1) D:4            Lair (0/8) D:8

Altars:
Ashenzari
Cheibriados
Dithmenos
Elyvilon
Fedhas
Gozag
Kikubaaqudgha
Makhleb
Nemelex Xobeh
Okawaru
Qazlal
Ru
Sif Muna
Trog
Vehumet
Xom
Yredelemnul
The Shining One

Shops:
D:5 }


Innate Abilities, Weirdness & Mutations

You cannot wear most types of armour.
You are amphibious.
You can wear up to eight rings at the same time.
You can use your tentacles to constrict many enemies at once.
Your skin changes colour to match your surroundings (Stealth).
Your rubbery body absorbs attacks (AC +1).


Message History

The bolt of electricity hits you!
The snapping turtle seems less confused.
The electric eel shoots out a bolt of lightning at you!
The bolt of electricity hits you! x2
* * * LOW HITPOINT WARNING * * *
Unknown command.
Read which item? (? for menu, Esc to quit)
Okay, then.
Evoke which item? (* to show all) (? for menu, Esc to quit)
Okay, then.
Casting: Mephitic Cloud
Confirm with . or Enter, or press ? or * to list all spells.
You blink.
Floosh!
The crocodile seems less confused.
The snapping turtle barely misses you.
Found an escape hatch in the floor.
An electric eel comes into view.
A snapping turtle comes into view.
The snapping turtle bites you from afar!
You die...

#.###(# #)###.#####..
#.#........... #.#.#.#######
###.#.#.# #>#### ......#.#
#P.≈≈ ≈ ###.###.# ###.P≈###
≈≈≈ ......).# #.P.≈≈≈≈###≈≈≈≈
.....##†###♣.≈≈≈@≈≈≈≈≈≈≈≈≈
........##..≈≈≈≈≈≈≈.#≈≈≈≈≈
.....#..##.≈≈≈tt≈#;≈≈≈≈≈≈t.
.....#.[##≈≈≈≈s≈##≈≈≈≈≈≈..P.
###..#..###≈≈t≈###≈≈≈≈≈≈.♣..
#....#..###≈≈≈;≈≈#≈≈≈≈≈≈..♣♣
#....#..##≈)≈≈≈≈≈≈#≈≈≈≈≈≈..t♣
#....#..#≈≈≈≈.≈≈;≈≈≈≈≈≈≈≈≈...
.....#..##≈≈≈§≈t≈≈≈≈#≈≈≈≈≈≈≈≈


You could see 2 snapping turtles, a crocodile, a scorpion and 2 electric eels.

Vanquished Creatures
  A hippogriff (D:7)
  A hungry ghost (D:6)
  Edmund (D:4)
  A sky beast (D:7)
  A black bear (D:8)
  A phantom (D:6)
  6 ogres
  3 orc warriors
  3 giant frogs
  2 scorpions
  An electric eel (D:8)
  4 hounds (D:5)
  12 wights
  3 goliath beetles
  2 crimson imps
  3 centaur skeletons
  2 orc priests (D:7)
  3 orc wizards
  5 worker ants
  An iguana (D:5)
  Ijyb (D:4)
  9 adders
  3 shadow imps
  2 worms
  An adder zombie (D:6)
  3 giant geckos
  2 oozes
  26 orcs
  3 ball pythons
  9 bats
  A bat skeleton (D:4)
  5 giant cockroaches
  14 goblins
  15 hobgoblins
  4 quokkas
  A giant gecko skeleton (D:4)
  8 giant newts
  A hobgoblin zombie (D:6)
  10 jackals
  A jackal zombie (D:6)
  17 kobolds
  An orc zombie (D:6)
  A quokka skeleton (D:4)
  9 rats
203 creatures vanquished.

Vanquished Creatures (collateral kills)
  The ghost of Loynis the Transmogrifier, an experienced OpTm of Sif Muna (D:8)
1 creature vanquished.

Vanquished Creatures (others)
  A crimson imp (D:6)
  3 plants (D:8)
4 creatures vanquished.

Grand Total: 208 creatures vanquished

Notes
Turn   | Place    | Note
--------------------------------------------------------------
     0 | D:1      | RepoMan, the Octopode Wanderer, began the quest for the Orb.
     0 | D:1      | RepoMan set off with: a book of Minor Magic, the Reference Book on Self-Improvement and the Birds, a +0 buckler, a +0 dagger, a bread ration
     0 | D:1      | Reached XP level 1. HP: 11/11 MP: 5/5
     0 | D:1      | Identified the Reference Book on Self-Improvement and the Birds
     2 | D:1      | Learned a level 1 spell: Magic Dart
   132 | D:1      | Reached skill level 1 in Conjurations
   132 | D:1      | Reached XP level 2. HP: 15/17 MP: 0/7
   136 | D:1      | Learned a level 2 spell: Blink
   139 | D:1      | Learned a level 2 spell: Repel Missiles
   142 | D:1      | Learned a level 2 spell: Swiftness
  1255 | D:2      | Reached XP level 3. HP: 21/21 MP: 6/9
  1332 | D:2      | Learned a level 3 spell: Mephitic Cloud
  1938 | D:2      | Found a snail-covered altar of Cheibriados.
  2064 | D:2      | Found a basalt altar of Yredelemnul.
  2635 | D:3      | Reached XP level 4. HP: 21/27 MP: 11/11
  2721 | D:3      | Reached skill level 1 in Translocations
  3692 | D:3      | Reached skill level 5 in Spellcasting
  3791 | D:3      | Learned a level 2 spell: Slow
  4245 | D:3      | Reached XP level 5. HP: 17/31 MP: 3/15
  4482 | D:4      | Noticed an ogre
  4502 | D:4      | Killed an ogre
  4502 | D:4      | Reached XP level 6. HP: 36/36 MP: 0/17
  4679 | D:4      | Found a shattered altar of Ashenzari.
  4716 | D:4      | Found a staircase to the Ecumenical Temple.
  4725 | Temple   | Entered the Ecumenical Temple
  4891 | D:4      | Noticed Ijyb
  4915 | D:4      | Killed Ijyb
  5138 | D:4      | Noticed Edmund
  5176 | D:4      | Killed Edmund
  5406 | D:4      | Reached XP level 7. HP: 37/41 MP: 9/19
  5433 | D:4      | Learned a level 2 spell: Call Imp
  6316 | D:5      | Entered Level 5 of the Dungeon
  6430 | D:5      | Found Tazxeowe's Gadget Shoppe.
  6502 | D:5      | Found a stormy altar of Qazlal.
  6550 | D:5      | Reached skill level 6 in Spellcasting
  7387 | D:5      | Learned a level 2 spell: Stoneskin
  7588 | D:6      | Reached XP level 8. HP: 46/46 MP: 14/21
  8169 | D:6      | Reached skill level 5 in Conjurations
  8181 | D:6      | Reached skill level 1 in Fighting
  8327 | D:6      | Reached skill level 1 in Dodging
  9319 | D:6      | Found a shadowy altar of Dithmenos.
  9328 | D:6      | Became a worshipper of Dithmenos the Shadowed
  9526 | D:6      | Noticed a hungry ghost
  9538 | D:6      | Killed a hungry ghost
  9538 | D:6      | Reached skill level 7 in Spellcasting
  9539 | D:6      | Found a sparkling altar of Nemelex Xobeh.
  9593 | D:6      | Found a shimmering altar of Xom.
  9982 | D:6      | Reached XP level 9. HP: 30/57 MP: 17/24
 12721 | D:8      | Reached skill level 8 in Spellcasting
 12832 | D:8      | Reached skill level 5 in Fighting
 12893 | D:8      | Noticed Loynis' ghost (experienced OpTm)
 12925 | D:8      | Killed Loynis' ghost
 12925 | D:8      | Reached XP level 10. HP: 66/66 MP: 19/26
 12944 | D:8      | Found a staircase to the Lair.
 12947 | D:8      | Noticed an elephant
 13028 | D:8      | Reached skill level 5 in Dodging
 13036 | D:8      | Slain by a snapping turtle

Action                   |  1- 3 |  4- 6 |  7- 9 | 10-12 || total
-------------------------+-------+-------+-------+-------++-------
Melee: Dagger            |    27 |    52 |   215 |     1 ||   295
 Fire: Blowgun           |       |       |     4 |       ||     4
 Cast: Magic Dart        |    85 |   111 |   455 |    13 ||   664
       Mephitic Cloud    |     1 |     5 |    33 |     4 ||    43
       Slow              |       |     5 |     2 |       ||     7
       Blink             |       |     2 |    15 |     1 ||    18
       Call Imp          |       |       |     8 |       ||     8
       Stoneskin         |       |       |     1 |       ||     1
Evoke: Wand              |       |       |     1 |       ||     1
  Use: Potion            |       |     6 |     1 |       ||     7
       Scroll            |       |       |    13 |     1 ||    14
 Stab: Sleeping          |     2 |     3 |     3 |       ||     8
       Confused          |       |     4 |    15 |       ||    19
       Distracted        |       |       |     1 |       ||     1
  Eat: Chunk             |     4 |     1 |    16 |       ||    21
       Beef jerky        |     1 |       |     1 |       ||     2
       Bread ration      |       |     2 |       |       ||     2
       Fruit             |       |       |     2 |       ||     2
       Meat ration       |       |       |     1 |       ||     1
       Royal jelly       |       |       |     1 |       ||     1
